[Event "*** Titled Tuesday Blitz"]
[Site "Chess.com"]
[Date "2021.04.20"]
[Round "11"]
[White "NefeLV"]
[Black "C_K_G"]
[Result "0-1"]
[WhiteElo "1816"]
[BlackElo "2091"]
[TimeControl "180+1"]
[EndTime "12:01:57 PDT"]
[Termination "C_K_G won by resignation"]

1. e4 c5 2. Nf3 d6 3. Bc4 e6 4.
O-O Nc6 5. Re1 Be7 6. c3 Nf6 7.
d3 O-O 8. Nbd2 d5 9. exd5 exd5 10. Bb3 h6 11. Nf1 Bd6 12. d4 Bg4 13. Ne3 Bh5 14. Bc2 cxd4 15. cxd4 Bxf3 16. gxf3 Nh5 17. Ng4 Qh4 18.
Qd3 f5 19. Re6 Bf4 20. b3 Bxc1 21. Rxc1 Nf4 22. Qxf5 Rxf5 0-1

[Event "*** Titled Tuesday Blitz"]
[Site "Chess.com"]
[Date "2021.04.20"]
[Round "11"]
[White "hansen"]
[Black "Jungle_Jaguar"]
[Result "1-0"]
[WhiteElo "2817"]
[BlackElo "2710"]
[TimeControl "180+1"]
[EndTime "12:02:37 PDT"]
[Termination "hansen won by resignation"]

1. e4 c5 2. Nf3 d6 3. Bb5+ Bd7 4.
Bxd7+ Qxd7 5. O-O Nc6 6. Re1 Nf6 7. c3 g6 8. d4 cxd4 9. cxd4 e5 10. d5 Ne7 11.
Nc3 Bg7 12. a4 O-O 13. Qb3 Rfc8 14. Nd2 Nh5 15. Nc4 Qc7 16. Na3 a6 17. Be3 f5 18.
Rac1 Qd7 19. Nc4 f4 20. Nb6 Qg4 21. f3 Qg5 22. Bf2 Rxc3 23. Rxc3 Rf8 24. Nd7 Rf7 25. Qxb7 h6 26. Qxa6 Kh7 27. h4 1-0

[Event "*** Titled Tuesday Blitz"]
[Site "Chess.com"]
[Date "2021.04.20"]
[Round "11"]
[White "Leo_C"]
[Black "VinzentSpitzl"]
[Result "1-0"]
[WhiteElo "2423"]
[BlackElo "2411"]
[TimeControl "180+1"]
[EndTime "12:02:43 PDT"]
[Termination "Leo_C won by resignation"]

1. d4 d5 2. c4 e6 3. Nc3 Bb4 4. a3 Bxc3+ 5. bxc3 Nf6 6. e3 O-O 7. cxd5 exd5 8. Bd3 c5 9. Ne2 Be6 10. O-O Nbd7 11. f3 Qe7 12. Ng3 Rfe8 13. Ra2 Nf8 14. Re2 Rad8 15. Bb2 Ng6 16. Qd2 Qc7 17. Nf5 Bxf5 18. Bxf5 Re7 19. g3 Qa5 20. Rd1 cxd4 21. cxd4 Rde8 22. Qxa5 1-0

[Event "*** Titled Tuesday Blitz"]
[Site "Chess.com"]
[Date "2021.04.20"]
[Round "11"]
[White "VladimirBugayev"]
[Black "DarZay"]
[Result "1-0"]
[WhiteElo "2257"]
[BlackElo "2170"]
[TimeControl "180+1"]
[EndTime "12:02:58 PDT"]
[Termination "VladimirBugayev won by checkmate"]

1. e4 e5 2. Nf3 Nc6 3. d4 exd4 4.
Nxd4 Bc5 5. Nb3 Bb6 6. Nc3 Nf6 7.
Qe2 O-O 8. Bg5 h6 9. Bh4 d5 10.
O-O-O d4 11. Nd5 Re8 12. Bxf6 gxf6 13. Qh5 Kh7 14. Qxf7+ Kh8 15. Nxf6 Bf5 16. Nxe8 Qg5+ 17. f4 Qxf4+ 18. Kb1 Rxe8 19. Qxe8+ Kg7 20. exf5 Qxf5 21. Bd3 Qg4 22. Rhf1 Qh5 23. Qf8# 1-0

[Event "*** Titled Tuesday Blitz"]
[Site "Chess.com"]
[Date "2021.04.20"]
[Round "11"]
[White "dmitrijiIM"]
[Black "olksuna"]
[Result "0-1"]
[WhiteElo "2543"]
[BlackElo "2657"]
[TimeControl "180+1"]
[EndTime "12:03:02 PDT"]
[Termination "olksuna won by resignation"]

1. e4 e6 2. d4 d5 3. Nd2 Be7 4.
Ngf3 Nf6 5. Bd3 c5 6. exd5 Qxd5 7. dxc5 O-O 8. O-O a5 9. Qe2 Nbd7 10. Nc4 Bxc5 11.
Rd1 Qh5 12. Nce5 Bxf2+ 13. Qxf2 Nxe5 14. Nxe5 Qxd1+ 15. Bf1 Rd8 16. Bg5 Qxa1 17. Bxf6 Rd1 18. Bh4 Rxf1+ 19. Qxf1 Qxf1+ 20. Kxf1 f6 21. Nd3 e5 22.
Nc5 b6 23. Nb3 Be6 24. Nd2 Bxa2 25. b3 a4 26. bxa4 Rxa4 27. Ke2 Rxh4 0-1

[Event "*** Titled Tuesday Blitz"]
[Site "Chess.com"]
[Date "2021.04.20"]
[Round "11"]
[White "FMJoseHerrera"]
[Black "martinique24"]
[Result "1-0"]
[WhiteElo "2620"]
[BlackElo "2476"]
[TimeControl "180+1"]
[EndTime "12:03:03 PDT"]
[Termination "FMJoseHerrera won by checkmate"]

1. f3 g6 2. g3 Bg7 3. Kf2 h5 4. h4 b6 5. e4 Bb7 6. d4 e6 7. Kg2 Ne7 8. Nh3 O-O 9. c4 d5 10.
cxd5 exd5 11. e5 c5 12. Ng5 cxd4 13. Bd3 Bxe5 14. f4 Bg7 15. f5 Nbc6 16. Rf1 Bf6 17. fxg6 Nxg6 18. Qxh5 Bxg5 19. hxg5 Re8 20. Bxg6 Re2+ 21.
Qxe2 fxg6 22. Qe6+ Kh8 23. Qxg6 Ne5 24. Rh1# 1-0

[Event "*** Titled Tuesday Blitz"]
[Site "Chess.com"]
[Date "2021.04.20"]
[Round "11"]
[White "Kapibara_Warri0r"]
[Black "maximych26"]
[Result "0-1"]
[WhiteElo "2198"]
[BlackElo "2272"]
[TimeControl "180+1"]
[EndTime "12:03:08 PDT"]
[Termination "maximych26 won by resignation"]

1. e4 c6 2. d4 d5 3. Nc3 dxe4 4. Nxe4 Nf6 5. Nxf6+ gxf6 6. c3 Bf5 7. Nf3 Rg8 8.
Bf4 Qd5 9. g3 Qe4+ 10. Qe2 Nd7 11. Bg2 Nb6 12. Nh4 Qxe2+ 13. Kxe2 Bg4+ 14. f3 Bd7 15. b3 Nd5 16. Bd2 O-O-O 17. f4 Bg4+ 18. Nf3 e6 19. h3 Bf5 20. Nh4 Rxg3 21. Nxf5 Rxg2+ 22. Kf3 Rxd2 23. Nh4 Rd3+ 24. Kf2 Nxf4 0-1

[Event "*** Titled Tuesday Blitz"]
[Site "Chess.com"]
[Date "2021.04.20"]
[Round "11"]
[White "djano"]
[Black "KeithArkell"]
[Result "1-0"]
[WhiteElo "2474"]
[BlackElo "2574"]
[TimeControl "180+1"]
[EndTime "12:03:30 PDT"]
[Termination "djano won by resignation"]

1. e4 c6 2. d4 d5 3. exd5 cxd5 4. Bd3 Nf6 5. c3 Nc6 6. Bf4 Bg4 7. Qb3 Qd7 8. Nd2 e6 9. Ngf3 Bxf3 10. Nxf3 Bd6 11.
Bxd6 Qxd6 12. O-O O-O 13. Rae1 Qc7 14. Qc2 g6 15. Qd2 Rfc8 16. Qh6 Qe7 17. Ng5 Qf8 18. Qh4 Qg7 19. f4 Re8 20. Re3 Rab8 21. a3 b5 22.
b4 a5 23. g4 axb4 24. axb4 Ne7 25. Rfe1 Nc8 26. f5 gxf5 27. gxf5 h6 28. Rg3 Kh8 29.
Nxe6 fxe6 30. Rxg7 Kxg7 31. fxe6 Rg8 32. Kh1 Nh7 33. Qg3+ 1-0

[Event "*** Titled Tuesday Blitz"]
[Site "Chess.com"]
[Date "2021.04.20"]
[Round "11"]
[White "MeekMammoth2"]
[Black "bazar-wokzal"]
[Result "0-1"]
[WhiteElo "2455"]
[BlackElo "2679"]
[TimeControl "180+1"]
[EndTime "12:03:35 PDT"]
[Termination "bazar-wokzal won by resignation"]

1. e4 Nc6 2. d4 d5 3. exd5 Qxd5 4. Nf3 Bg4 5. Be2 O-O-O 6. Be3 Nf6 7. O-O Qh5 8. c4 Nxd4 9. Nxd4 e5 10. Bxg4+ Nxg4 11. h3 exd4 12. hxg4 Qe5 13. Bc1 Bd6 14. f4 Qc5 15. Nd2 d3+ 16. Kh1 h5 17. g5 h4 18.
Ne4 Qxc4 19. Nxd6+ Rxd6 20. Be3 h3 21. g3 Re6 22. Qf3 Rhe8 23. Rac1 Qxa2 24. Bf2 d2 25. Rc2 Re2 26. Qc3 Qd5+ 0-1

[Event "*** Titled Tuesday Blitz"]
[Site "Chess.com"]
[Date "2021.04.20"]
[Round "11"]
[White "AttractiveMustard"]
[Black "OlifantCZ"]
[Result "1-0"]
[WhiteElo "2374"]
[BlackElo "2257"]
[TimeControl "180+1"]
[EndTime "12:03:39 PDT"]
[Termination "AttractiveMustard won by resignation"]

1. e4 e6 2. d4 d5 3. Nd2 c5 4. exd5 Qxd5 5. dxc5 Bxc5 6. Ngf3 Nf6 7. Bc4 Qc6 8. Qe2 O-O 9. O-O Nbd7 10. Bd3 a6 11. Ne4 Nxe4 12. Bxe4 Qc7 13. Bg5 Ne5 14. Nxe5 f6 15.
Bf4 Bd6 16. Bxh7+ Kxh7 17. Qh5+ Kg8 18. Ng6 Bd7 19. Bxd6 Qxd6 20. Rad1 1-0

[Event "*** Titled Tuesday Blitz"]
[Site "Chess.com"]
[Date "2021.04.20"]
[Round "11"]
[White "BigAl"]
[Black "beautroll"]
[Result "1-0"]
[WhiteElo "2589"]
[BlackElo "2468"]
[TimeControl "180+1"]
[EndTime "12:03:40 PDT"]
[Termination "BigAl won by resignation"]

1. Nf3 Nf6 2. g3 g6 3. Bg2 Bg7 4. O-O O-O 5. d3 d5 6. Nbd2 c5 7. e4 Nc6 8. Re1 Qc7 9. c3 e5 10. exd5 Nxd5 11. Nc4 Rd8 12. Qe2 Bg4 13. h3 Bxf3 14.
Qxf3 b5 15. Ne3 Nce7 16. Nxd5 Nxd5 17. Bg5 Rd7 18. c4 bxc4 19. dxc4 Nb6 20. Rad1 Rad8 21. Bxd8 Qxd8 22. Rxd7 Qxd7 23. Rd1 Qa4 24. Rd8+ Bf8 25. Qf6 Nd7 26. Qd6 1-0

[Event "*** Titled Tuesday Blitz"]
[Site "Chess.com"]
[Date "2021.04.20"]
[Round "11"]
[White "ChelsieMonica"]
[Black "AniJak"]
[Result "0-1"]
[WhiteElo "2367"]
[BlackElo "2294"]
[TimeControl "180+1"]
[EndTime "12:03:41 PDT"]
[Termination "AniJak won by resignation"]

1. e4 c6 2. d4 d5 3. e5 Bf5 4.
g4 Bd7 5. f4 e6 6. Nf3 c5 7. c3 Nc6 8. Bg2 h5 9. g5 cxd4 10.
Nxd4 Bc5 11. O-O Nge7 12. Kh1 Bxd4 13. cxd4 Nf5 14. Nc3 Ncxd4 15. Qd3 O-O 16. Bd2 a6 17. Qh3 g6 18. Kg1 b5 19. Bxd5 exd5 20. Nxd5 Kg7 21. Ne3 Nxe3 22. Qxe3 Nc2 23. Qc3 Rc8 24. Qa5 Nxa1 25.
Qxa6 Rc6 26. Qa3 Nc2 27. Qf3 Nd4 28. Qf2 Bg4 29. Bc3 Ne2+ 30. Kh1 Nxc3 31. bxc3 Rxc3 32. Qg2 Qd3 33. f5 Bf3 34. f6+ Kh7 0-1

[Event "*** Titled Tuesday Blitz"]
[Site "Chess.com"]
[Date "2021.04.20"]
[Round "11"]
[White "ferch1ni"]
[Black "GAusal"]
[Result "1-0"]
[WhiteElo "2363"]
[BlackElo "2041"]
[TimeControl "180+1"]
[EndTime "12:03:41 PDT"]
[Termination "ferch1ni won by checkmate"]

1. e4 c5 2. Nf3 e6 3. d4 cxd4 4.
Nxd4 a6 5. c4 Nc6 6. Be3 Qh4 7.
Nxc6 bxc6 8. Nd2 Bb4 9. Bd3 Nf6 10. Qc2 Bxd2+ 11. Bxd2 Ng4 12. Bc3 O-O 13. h3 Nf6 14. g3 Qg5 15. e5 Ne8 16. Bxh7+ Kh8 17. Bd3 d6 18. exd6 Nxd6 19. h4 Qg4 20. h5 e5 21. h6 e4 22. Be2 Qg6 23. hxg7+ Kg8 24. Rh8# 1-0

[Event "*** Titled Tuesday Blitz"]
[Site "Chess.com"]
[Date "2021.04.20"]
[Round "11"]
[White "kubal123"]
[Black "HackingKid98"]
[Result "0-1"]
[WhiteElo "2263"]
[BlackElo "2474"]
[TimeControl "180+1"]
[EndTime "12:03:46 PDT"]
[Termination "HackingKid98 won by resignation"]

1. e4 c6 2. d4 d5 3. exd5 cxd5 4.
Bd3 Nf6 5. c3 Bg4 6. Qb3 Qc7 7. h3 Bh5 8. Ne2 Bxe2 9. Bxe2 e6 10. O-O Bd6 11. Bg5 Nbd7 12. Nd2 O-O 13. Nf3 Rab8 14.
Rac1 b5 15. Rfe1 Rfc8 16. Bd3 Qb6 17. a3 a5 18. Ne5 b4 19. axb4 axb4 20. Nxd7 Nxd7 21.
c4 Qxd4 22. Be3 Nc5 23. Bxd4 Nxb3 24. Ba7 Nxc1 25. Bxb8 Nxd3 26. Rd1 Bxb8 27. Rxd3 dxc4 28. Rd7 c3 29. bxc3 bxc3 30. Rd1 c2 31. Rc1 Be5 32. Rxc2 Rxc2 33. g3 g5 34. h4 h5 35. Kg2 g4 0-1

[Event "*** Titled Tuesday Blitz"]
[Site "Chess.com"]
[Date "2021.04.20"]
[Round "11"]
[White "eCztery"]
[Black "GrigoriyM2001"]
[Result "1-0"]
[WhiteElo "2423"]
[BlackElo "2547"]
[TimeControl "180+1"]
[EndTime "12:03:49 PDT"]
[Termination "eCztery won on time"]

1. e4 c6 2. Nc3 d5 3. Nf3 Bg4 4. h3 Bxf3 5. Qxf3 Nf6 6. d3 e6 7. Qg3 Nbd7 8. Bd2 g6 9. O-O-O Bg7 10. Kb1 O-O 11. f4 dxe4 12. dxe4 Nc5 13. e5 Nd5 14. Nxd5 cxd5 15. Qa3 Qc7 16. Bd3 Rfc8 17. h4 h5 18. g4 1-0

[Event "*** Titled Tuesday Blitz"]
[Site "Chess.com"]
[Date "2021.04.20"]
[Round "11"]
[White "LenkaPtacnikova"]
[Black "catzapto"]
[Result "1-0"]
[WhiteElo "2175"]
[BlackElo "2097"]
[TimeControl "180+1"]
[EndTime "12:03:53 PDT"]
[Termination "LenkaPtacnikova won by resignation"]

1. g4 d5 2. Bg2 Bxg4 3. c4 c6 4. cxd5 Bd7 5. dxc6 Bxc6 6. Nf3 Nf6 7. Nc3 e6 8. d3 Be7 9. Bf4 O-O 10.
O-O Nbd7 11. Rc1 Nh5 12. Bd2 f5 13. e4 fxe4 14. Nd4 Nf4 15. Bxf4 Rxf4 16. Nxe6 Qb8 17.
Nxf4 Qxf4 18. dxe4 Ne5 19. Nd5 Qg5 20. f4 Bc5+ 21. Rxc5 1-0

[Event "*** Titled Tuesday Blitz"]
[Site "Chess.com"]
[Date "2021.04.20"]
[Round "11"]
[White "profofchess"]
[Black "kidagent"]
[Result "1-0"]
[WhiteElo "2516"]
[BlackElo "2347"]
[TimeControl "180+1"]
[EndTime "12:03:54 PDT"]
[Termination "profofchess won by resignation"]

1. e4 c5 2. Nf3 d6 3. d4 cxd4 4. Qxd4 Nc6 5. Qe3 Nf6 6. Be2 g6 7. O-O Bg7 8. Rd1 Qc7 9. c4 O-O 10. h3 a6 11. Nc3 Ne5 12. Nxe5 dxe5 13. b3 Be6 14. Ba3 Rfd8 15. Nd5 Bxd5 16. cxd5 Bf8 17. Rac1 Qa5 18. Bb2 Qxa2 19. Bxe5 Qa3 20. d6 Nd7 21. dxe7 Qxe7 22. Ba1 Bg7 23. Bxg7 Kxg7 24. Rc7 Qe6 25. Rxb7 Nf6 26. Rxd8 Rxd8 27. Bc4 Qxe4 28. Rxf7+ Kh8 29.
Rxf6 1-0

[Event "*** Titled Tuesday Blitz"]
[Site "Chess.com"]
[Date "2021.04.20"]
[Round "11"]
[White "WisdomGame"]
[Black "anon569"]
[Result "1-0"]
[WhiteElo "2112"]
[BlackElo "2216"]
[TimeControl "180+1"]
[EndTime "12:03:54 PDT"]
[Termination "WisdomGame won by resignation"]

1. Nf3 Nf6 2. g3 b5 3. Bg2 Bb7 4. O-O e6 5. c3 Be7 6. d4 d6 7. a4 a6 8. Qd3 Be4 9. Qd1 Nbd7 10. Nbd2 Bb7 11. Qb3 Bd5 12. Qc2 e5 13. e4 Bb7 14.
d5 Nc5 15. axb5 axb5 16. Rxa8 Qxa8 17. b4 Qa4 18. Qb1 Ncd7 19. Nb3 Nb6 20. Na5 Ba6 21. Be3 Nc4 22. Nxc4 bxc4 23. Nd2 O-O 24. Qb2 Qb5 25. Ra1 Ra8 26. Ra5 Qb8 27. Qa1 Nd7 28. Rxa6 1-0

[Event "*** Titled Tuesday Blitz"]
[Site "Chess.com"]
[Date "2021.04.20"]
[Round "11"]
[White "Mikhal867"]
[Black "dosto07"]
[Result "1-0"]
[WhiteElo "2441"]
[BlackElo "2318"]
[TimeControl "180+1"]
[EndTime "12:03:58 PDT"]
[Termination "Mikhal867 won by resignation"]

1. c4 e5 2. Nc3 Nf6 3. g3 d5 4.
cxd5 Nxd5 5. Bg2 Nb6 6. Nf3 Nc6 7. O-O Be7 8. d3 O-O 9. a3 Re8 10. b4 Bf8 11. Bb2 Bg4 12. h3 Bh5 13. Rc1 a5 14. b5 Nd4 15. Nxd4 exd4 16. Ne4 a4 17. g4 Bg6 18.
Ng3 Ra5 19. Bxb7 Rxb5 20. Ba1 Rb3 21. Bc6 Bxa3 22. Rc4 Bb4 23. Rxd4 Qc8 24. Bxa4 c5 25. Qxb3 cxd4 26. Bxe8 Qxe8 27. Qxb4 1-0

[Event "*** Titled Tuesday Blitz"]
[Site "Chess.com"]
[Date "2021.04.20"]
[Round "11"]
[White "mr65"]
[Black "TimKett"]
[Result "1-0"]
[WhiteElo "2146"]
[BlackElo "2231"]
[TimeControl "180+1"]
[EndTime "12:04:00 PDT"]
[Termination "mr65 won by resignation"]

1. e4 e5 2. Nf3 Nc6 3. Bb5 Nf6 4. d3 d6 5. O-O g6 6. h3 Bg7 7. Nc3 O-O 8. Bg5 h6 9. Bh4 a6 10. Ba4 b5 11. Bb3 Na5 12. Nd5 c6 13. Nxf6+ Bxf6 14. Bxf6 Qxf6 15. Qd2 Nxb3 16. axb3 Kg7 17. b4 g5 18. Nh2 Qf4 19. Qxf4 gxf4 20. Nf3 f5 21. exf5 Bxf5 22. Ra3 Ra7 23. Rfa1 Bc8 24. Nd2 Re7 25. Ne4 d5 26. Nc5 e4 27. dxe4 dxe4 28. Nxa6 e3 29. fxe3 fxe3 30. Nc5 Rf2 31. Ra7 Kf6 32.
Rxe7 Kxe7 33. c3 Rxb2 34. Re1 e2 35. Kf2 Kd6 36. Rxe2 Rxe2+ 37. Kxe2 Ke5 38. Ke3 Kd5 39. h4 Kc4 40. Kd2 Bg4 41. Ne4 Bc8 42. Nd6+ 1-0

[Event "*** Titled Tuesday Blitz"]
[Site "Chess.com"]
[Date "2021.04.20"]
[Round "11"]
[White "Chernobay_Artem"]
[Black "frederiksvane"]
[Result "0-1"]
[WhiteElo "2632"]
[BlackElo "2765"]
[TimeControl "180+1"]
[EndTime "12:04:07 PDT"]
[Termination "frederiksvane won by resignation"]

1. d4 Nf6 2. c4 e6 3. Nf3 d5 4.
g3 Bb4+ 5. Bd2 Be7 6. Bg2 O-O 7.
O-O c6 8. Qc2 b6 9. Rc1 Bb7 10.
a4 a5 11. cxd5 cxd5 12. Nc3 Nc6 13. Nb5 Ne4 14. Bf4 Rc8 15. Qb3 f6 16. Rc2 g5 17. Be3 Nb4 18. Rxc8 Bxc8 19. Nd2 Nd6 20. Nc3 Ba6 21. Rc1 Qd7 22. Nf3 Nc4 23. Bd2 Rc8 24. Be1 Nd6 25. Nd2 Kg7 26. Rd1 h6 27. e4 dxe4 28. Ndxe4 Bc4 29. Nxd6 Bxd6 0-1

[Event "*** Titled Tuesday Blitz"]
[Site "Chess.com"]
[Date "2021.04.20"]
[Round "11"]
[White "aaaao"]
[Black "vinniethepooh"]
[Result "0-1"]
[WhiteElo "2629"]
[BlackElo "2745"]
[TimeControl "180+1"]
[EndTime "12:04:11 PDT"]
[Termination "vinniethepooh won on time"]

1. e4 c5 2. Nf3 d6 3. d4 cxd4 4. Qxd4 Nc6 5. Bb5 Bd7 6. Bxc6 Bxc6 7. c4 f5 8. exf5 Qa5+ 9. b4 Qxf5 10. Nbd2 e5 11.
Qe3 Nf6 12. O-O Be7 13. h3 O-O 14. Bb2 Nh5 15. b5 Bd7 16. Rae1 Nf4 17. Qe4 Qh5 18. Qxb7 Bxh3 19. Qxe7 Bxg2 20. Qh4 Bxf3 21. Qxh5 Bxh5 22. f3 Nd3 23. Rb1 Bg6 0-1

[Event "*** Titled Tuesday Blitz"]
[Site "Chess.com"]
[Date "2021.04.20"]
[Round "11"]
[White "I_Enchev"]
[Black "FGHSMN"]
[Result "0-1"]
[WhiteElo "2608"]
[BlackElo "2509"]
[TimeControl "180+1"]
[EndTime "12:04:14 PDT"]
[Termination "FGHSMN won by checkmate"]

1. d4 Nf6 2. c4 e6 3. Nc3 d5 4. cxd5 exd5 5. Bg5 Be7 6. e3 O-O 7. Bd3 c6 8. Qc2 h6 9. Bh4 Nbd7 10. Nf3 Re8 11. O-O Ne4 12. Bg3 Nxg3 13. hxg3 Nf6 14. Rab1 Be6 15. b4 Rc8 16. Ne5 h5 17. f4 Ng4 18.
Qe2 Bf6 19. a4 b6 20. Rbc1 c5 21. bxc5 bxc5 22. Ba6 Rc7 23. Nb5 Bxe5 24. dxe5 Rc6 25. Nd6 Rxd6 26. exd6 Qxd6 27. Bb5 Re7 28. e4 dxe4 29.
Qxe4 c4 30. Rcd1 Qc5+ 31. Kh1 Bf5 32. Rd8+ Kh7 33. Qxc4 Qe3 34. Qd5 Qxg3 35. Qf3 Qh2# 0-1

[Event "*** Titled Tuesday Blitz"]
[Site "Chess.com"]
[Date "2021.04.20"]
[Round "11"]
[White "Igor_Lysyj"]
[Black "Supernotar"]
[Result "1/2-1/2"]
[WhiteElo "2773"]
[BlackElo "2697"]
[TimeControl "180+1"]
[EndTime "12:04:16 PDT"]
[Termination "Game drawn by agreement"]

1. d4 d5 2. c4 dxc4 3. e3 Nf6 4.
Bxc4 e6 5. Nf3 a6 6. O-O b5 7.
Be2 Bb7 8. a4 b4 9. Nbd2 Nbd7 10. b3 c5 11. Bb2 Be7 12. Rc1 O-O 13. dxc5 Nxc5 14. Bxf6 gxf6 15. Nd4 f5 16. Bf3 Bd5 17. Nc4 Ne4 18. Bxe4 Bxe4 19. Qe2 Bf6 20. Rfd1 Qe7 21. f3 Bb7 22. Na5 Rac8 23. Ndc6 Bxc6 24. Nxc6 Qb7 25.
Na5 Qb6 26. Nc4 Qa7 27. Rd3 Bc3 28. Rcd1 f4 29. Qf2 fxe3 30. Qxe3 Qxe3+ 31. Rxe3 Rc7 32. Red3 Kg7 33. f4 Rxc4 34. bxc4 Rc8 35. Rd6 Rxc4 36. Rxa6 b3 37. Rb6 Bd4+ 38. Rxd4 Rxd4 39. a5 Ra4 40. Rxb3 Rxa5 41. g3 1/2-1/2

[Event "*** Titled Tuesday Blitz"]
[Site "Chess.com"]
[Date "2021.04.20"]
[Round "11"]
[White "Twitch_ElhamBlitz05"]
[Black "Koalaskakistis"]
[Result "1-0"]
[WhiteElo "2744"]
[BlackElo "2572"]
[TimeControl "180+1"]
[EndTime "12:04:21 PDT"]
[Termination "Twitch_ElhamBlitz05 won by resignation"]

1. e4 c5 2. Nf3 Nc6 3. b4 cxb4 4. d4 d5 5. exd5 Qxd5 6. c4 bxc3 7.
Nxc3 Qa5 8. Rb1 Qxc3+ 9. Bd2 Qa3 10. d5 e6 11. dxc6 bxc6 12. Qc2 Bd7 13. Rb7 Nf6 14.
Ne5 Qc5 15. Qb2 Bd6 16. Nc4 Nd5 17. Qxg7 O-O-O 18. Nxd6+ Qxd6 19. Ba6 Nc7 20. Rxc7+ Kxc7 21. Ba5+ Kb8 22. Qb2+ 1-0

[Event "*** Titled Tuesday Blitz"]
[Site "Chess.com"]
[Date "2021.04.20"]
[Round "11"]
[White "alexgo05"]
[Black "jucAxx"]
[Result "1-0"]
[WhiteElo "2467"]
[BlackElo "2191"]
[TimeControl "180+1"]
[EndTime "12:04:21 PDT"]
[Termination "alexgo05 won by resignation"]

1. e4 e6 2. d3 d5 3. Nd2 c5 4.
Ngf3 Nf6 5. g3 Nc6 6. Bg2 Qc7 7.
O-O b6 8. Re1 Bb7 9. exd5 Nxd5 10. Nc4 O-O-O 11. a4 h5 12. c3 Be7 13. h4 Rdg8 14. Qb3 g5 15. Bxg5 Bxg5 16. Nxg5 Rg6 17. a5 Rhg8 18. axb6 Nxb6 19. Ne4 Nxc4 20. Qxc4 f5 21.
Nxc5 Rxg3 22. Qxe6+ Kb8 23. Nd7+ Qxd7 24. Qxd7 Rxg2+ 25. Kf1 R2g7 26. Re8+ Rxe8 27. Qxe8+ Kc7 28. Rxa7 Re7 29.
Qf8 1-0

[Event "*** Titled Tuesday Blitz"]
[Site "Chess.com"]
[Date "2021.04.20"]
[Round "11"]
[White "secretsuperstar7"]
[Black "dodorox"]
[Result "1-0"]
[WhiteElo "2233"]
[BlackElo "2117"]
[TimeControl "180+1"]
[EndTime "12:04:22 PDT"]
[Termination "secretsuperstar7 won by resignation"]

1. d4 Nf6 2. c4 e6 3. Nc3 d5 4.
cxd5 exd5 5. Bg5 Be7 6. e3 h6 7. Bh4 c6 8. Bd3 Nbd7 9. Nge2 Ne4 10. Bxe7 Qxe7 11. O-O O-O 12. Qc2 f5 13. Rae1 Ndf6 14. f3 Nxc3 15. Nxc3 g6 16. e4 fxe4 17. fxe4 dxe4 18.
Nxe4 Nxe4 19. Rxf8+ Kxf8 20. Bxe4 Kg7 21. Qc3 Bd7 22.
d5+ Qf6 23. Qb4 Rf8 24. Bf3 Bc8 25. dxc6 bxc6 26. b3 Bg4 27. Qxg4 1-0

[Event "*** Titled Tuesday Blitz"]
[Site "Chess.com"]
[Date "2021.04.20"]
[Round "11"]
[White "gmpeter008"]
[Black "Rodalquilar"]
[Result "0-1"]
[WhiteElo "2508"]
[BlackElo "2739"]
[TimeControl "180+1"]
[EndTime "12:04:25 PDT"]
[Termination "Rodalquilar won by resignation"]

1. d4 d5 2. Bf4 Nf6 3. e3 e6 4.
Nf3 Bd6 5. Nbd2 O-O 6. c3 b6 7.
a4 a5 8. Bb5 Bb7 9. Qe2 Ne4 10.
O-O Nd7 11. Bd3 f5 12. Bxd6 cxd6 13. c4 Ndf6 14. cxd5 Bxd5 15. Rfc1 Qd7 16. Nc4 Qb7 17. Na3 Rac8 18. Nb5 g5 19. Bxe4 Nxe4 20. Rxc8 Rxc8 21.
Nxg5 Nxg5 22. Nxd6 Qg7 23. Nxc8 Nh3+ 24. Kf1 Qxg2+ 25.
Ke1 Ng1 26. Qd3 Nf3+ 27. Ke2 Qg4 28. Ne7+ Kf7 29. h3 Qh5 30. Kf1 Bc4 31. Qxc4 Nd2+ 32. Kg1 Qg5+ 0-1

[Event "*** Titled Tuesday Blitz"]
[Site "Chess.com"]
[Date "2021.04.20"]
[Round "11"]
[White "A-S-00"]
[Black "Zq1"]
[Result "1-0"]
[WhiteElo "2331"]
[BlackElo "2495"]
[TimeControl "180+1"]
[EndTime "12:04:26 PDT"]
[Termination "A-S-00 won by resignation"]

1. d4 Nf6 2. c4 a6 3. Nc3 c5 4.
d5 b5 5. e4 b4 6. Na4 d6 7.
Bd3 g6 8. f4 Bg7 9. Nf3 O-O 10.
O-O Bd7 11. e5 Bxa4 12. Qxa4 Nfd7 13. Re1 Qc7 14. e6 fxe6 15. Rxe6 Nf6 16. Bd2 Ra7 17.
Rae1 Nh5 18. f5 gxf5 19. Qc2 Nd7 20. Rxe7 Bf6 21. Bxf5 Bxe7 22. Rxe7 Ng7 23. Bxh7+ 1-0

[Event "*** Titled Tuesday Blitz"]
[Site "Chess.com"]
[Date "2021.04.20"]
[Round "11"]
[White "ljuks68"]
[Black "vovachesss"]
[Result "0-1"]
[WhiteElo "2453"]
[BlackElo "2672"]
[TimeControl "180+1"]
[EndTime "12:04:27 PDT"]
[Termination "vovachesss won on time"]

1. e4 Nf6 2. e5 Nd5 3. c4 Nb6 4. d4 d6 5. f4 dxe5 6. fxe5 Bf5 7. Nc3 e6 8. Nf3 c5 9. Be3 cxd4 10. Nxd4 Bg6 11. Ndb5 N8d7 12. Nd6+ Bxd6 13. Qxd6 Nc8 14. Qd4 O-O 15. Be2 Ne7 16. O-O-O Nf5 17. Qxd7 Nxe3 18. Qxd8 Raxd8 19. Rxd8 Rxd8 20. b3 Nxg2 21. Bf3 Rd3 22.
Bxg2 Rxc3+ 23. Kd1 b6 24. Re1 Kf8 25. Be4 Bh5+ 26.
Kd2 Rh3 27. Rh1 Ke7 28. Bg2 Rh4 0-1

[Event "*** Titled Tuesday Blitz"]
[Site "Chess.com"]
[Date "2021.04.20"]
[Round "11"]
[White "RzayevB"]
[Black "Vuk2000"]
[Result "0-1"]
[WhiteElo "2616"]
[BlackElo "2737"]
[TimeControl "180+1"]
[EndTime "12:04:29 PDT"]
[Termination "Vuk2000 won by resignation"]

1. e4 e6 2. d4 d5 3. Bd3 c5 4. exd5 Qxd5 5. Nc3 Qd8 6. dxc5 Bxc5 7. Qg4 Nf6 8. Qh4 Nc6 9. Bg5 h6 10. O-O-O Bxf2 11. Qxf2 hxg5 12. Nf3 g4 13. Ng5 Qd4 14.
Qxd4 Nxd4 15. Bc4 Nf5 16. Nb5 Ke7 17. Rd2 Bd7 18. Nd4 Nxd4 19. Rxd4 Bc6 20. Re1 Rxh2 21. g3 Rh5 22. Nxe6 fxe6 23. Rxe6+ Kf8 24. a4 Rh1+ 25. Kd2 Re8 26. Red6 Ne4+ 0-1

[Event "*** Titled Tuesday Blitz"]
[Site "Chess.com"]
[Date "2021.04.20"]
[Round "11"]
[White "chessajedrezz2020"]
[Black "energie73"]
[Result "1-0"]
[WhiteElo "2697"]
[BlackElo "2365"]
[TimeControl "180+1"]
[EndTime "12:04:29 PDT"]
[Termination "chessajedrezz2020 won by resignation"]

1. Nf3 Nf6 2. d4 g6 3. Nc3 d6 4. e4 Bg7 5. h3 O-O 6. Bc4 a6 7.
a4 Nxe4 8. Bxf7+ Rxf7 9. Nxe4 h6 10. O-O Nc6 11. Re1 Bf5 12. Ng3 Qd7 13. c3 Raf8 14.
Nxf5 Rxf5 15. Nh4 R5f6 16. d5 Ne5 17. f4 Nc4 18. Qd3 Nb6 19. Nxg6 R8f7 20. f5 Rxf5 21. Nxe7+ Rxe7 22. Rxe7 Qxe7 23. Qxf5 Qe1+ 24. Qf1 Qe4 25. Bd2 Nxd5 26. Re1 Qxa4 27. Qf5 Qc6 28. Bxh6 Bxh6 29. Qg6+ Bg7 30. Re8+ Qxe8 31. Qxe8+ Bf8 32. Qe6+ 1-0

[Event "*** Titled Tuesday Blitz"]
[Site "Chess.com"]
[Date "2021.04.20"]
[Round "11"]
[White "deribas12345"]
[Black "BvsN"]
[Result "1-0"]
[WhiteElo "2535"]
[BlackElo "2378"]
[TimeControl "180+1"]
[EndTime "12:04:30 PDT"]
[Termination "deribas12345 won by checkmate"]

1. d4 d5 2. c4 e6 3. Nc3 c6 4. e4 dxe4 5. Nxe4 Bb4+ 6. Bd2 Qxd4 7. Bxb4 Qxe4+ 8. Be2 Na6 9. Bd6 Qxg2 10. Bf3 Qg5 11. Ne2 Ne7 12. Rg1 Qa5+ 13. b4 Nxb4 14. Kf1 Nf5 15.
Qd2 c5 16. Rd1 Nxd6 17. Qxd6 Qb6 18. Qe5 f6 19. Bh5+ g6 20. Qxf6 Rf8 21. Bxg6+ hxg6 22. Qxg6+ Rf7 23. Qg8+ Rf8 24. Qg6+ Rf7 25. Qh5 e5 26.
Rg8+ Ke7 27. Qxe5+ Qe6 28. Qxc5+ Kf6 29. Qg5# 1-0